 Dungeon Crawl Stone Soup version 0.31.0-11-ge490571c62 (webtiles) character file.

Game seed: 630623358350029791

84 Ijustatesigmund the Covered (level 4, -2/29 HPs)
             Began as a Gargoyle Fighter on Jan 30, 2024.
             Slain by a kobold brigand
             ... wielding a +0 dagger
              (3 damage)
             ... in a sewer.
             The game lasted 00:03:00 (1796 turns).

Ijustatesigmund the Covered (Gargoyle Fighter)      Turns: 1796, Time: 00:03:01

Health: -2/29      AC: 10    Str: 20    XL:     4   Next: 46%
Magic:  4/4        EV:  9    Int: 10    God:
Gold:   47         SH:  4    Dex:  9    Spells: 3/3 levels left

rFire   . . .        a - +0 flail
rCold   . . .        c - +0 buckler
rNeg    + . .        b - +0 scale mail
rPois   ∞            (no helmet)
rElec   +            (no cloak)
rCorr   .            (no gloves)
SInv    .            (no boots)
Will    .....        (no amulet) Stlth
                     (no ring)
HPRegen 0.24/turn    (no ring)
MPRegen 0.09/turn

%: no passive effects
@: invisible
A: sickness immunity, AC +3, negative energy resistance 1, electricity
resistance, torment resistance 1, petrification resistance
a: no special abilities


You were in a sewer.
You visited 1 branch of the dungeon, and saw 3 of its levels.
You also visited: Sewer.

You collected 67 gold pieces.
You spent 20 gold pieces at shops.

Inventory:

Hand Weapons
 a - a +0 flail (weapon)
Armour
 b - a +0 scale mail (worn)
 c - a +0 buckler (worn)
Magical Staves
 k - a staff of conjuration
Jewellery
 e - a ring of flight
Scrolls
 f - 2 scrolls of vulnerability {unknown}
 g - a scroll of enchant armour {unknown}
 h - a scroll of identify
 i - a scroll of immolation {unknown}
 j - a scroll of brand weapon {unknown}
Potions
 d - 2 potions of might


   Skills:
 + Level 3.8 Fighting
 * Level 3.3 Maces & Flails
 + Level 3.8 Armour
 + Level 3.8 Shields


You had 3 spell levels left.
You didn't know any spells.
Your spell library contained the following spells:

 Spells                   Type           Power      Damage    Failure   Level
 Blink                    Tloc           0%         N/A       89%         2
 Lesser Beckoning         Tloc           0%         N/A       89%         2
 Momentum Strike          Conj/Tloc      0%         3d8       89%         2
 Stone Arrow              Conj/Erth      0%         3d7       98%         3
 Animate Armour           Summ/Erth      0%         N/A       100%        4
 Lehudib's Crystal Spear  Conj/Erth      0%         10d2      100%        8


Dungeon Overview and Level Annotations

Branches:
Dungeon (3/15)              Sewer (1/1)

Altars:

Shops:
D:1 ?


Innate Abilities, Weirdness & Mutations

You are immune to sickness and miasma.
Your stone body is resilient. (AC +3)
You are immune to poison.
You resist negative energy. (rN+)
You are resistant to electric shocks. (rElec)
You are resistant to unholy torment.
You are immune to petrification.


Message History

You barely miss the kobold brigand.
The kobold brigand is moderately wounded.
The kobold barely misses you.
The kobold brigand hits you but does no damage.
The kobold hits you but does no damage.
The kobold splashes around in the water.
You hit the kobold brigand but do no damage.
The kobold brigand is moderately wounded.
The kobold brigand hits you but does no damage.
The kobold hits you with a +0 club. x3; The kobold brigand barely misses you.
You are too injured to fight recklessly!
You are too injured to fight recklessly!
You are too injured to fight recklessly!
You are too injured to fight recklessly!
You barely miss the kobold brigand.
The kobold brigand is moderately wounded.
The kobold hits you but does no damage. You block the kobold brigand's attack.
The kobold hits you but does no damage.
You hit the kobold brigand.
The kobold brigand is moderately wounded.
The kobold hits you with a +0 club.
The kobold brigand hits you with a +0 dagger.
* * * LOW HITPOINT WARNING * * *
You block the kobold's attack.
The kobold splashes around in the water.
It was a potion of invisibility.
You fade into invisibility!
The kobold brigand hits you with a +0 dagger.
* * * LOW HITPOINT WARNING * * *
The kobold closely misses you. The kobold barely misses you.
Okay, then.
You hit the kobold brigand but do no damage.
The kobold brigand is moderately wounded.
You block the kobold brigand's attack. You block the kobold's attack.
The kobold splashes around in the water.
You closely miss the kobold brigand.
The kobold brigand is moderately wounded.
The kobold barely misses you.
The kobold brigand hits you with a +0 dagger.
You die...

###### #....#
#..∩.# #..!!#
.!).# ##KK##
###.@K~#
#...~~~#
##...~.~#
#.......#
#......~#
#P.....~#
##....P~P#
#.....~~~#
##.....~~~~~≈


You could see a kobold brigand (unable to see you) and 2 kobolds.

Vanquished Creatures
  2 adders
  A ribbon worm (D:2)
  2 dart slugs
  8 ball pythons
  8 endoplasms
  4 giant cockroaches
  5 goblins
  2 hobgoblins (D:2)
  8 kobolds
  A quokka (D:1)
  5 bats
  A frilled lizard (D:1)
  5 rats
52 creatures vanquished.

Notes
Turn   | Place    | Note
-------+----------+-------------------------------------------
     0 | D:1      | Ijustatesigmund the Gargoyle Fighter began the quest for
                  | the Orb.
     0 | D:1      | Reached XP level 1. HP: 14/14 MP: 1/1
   175 | D:1      | Reached XP level 2. HP: 13/19 MP: 2/2
   324 | D:1      | Found Ilyrip's Magic Scroll Boutique.
   330 | D:1      | Bought a scroll of identify for 20 gold pieces
   374 | D:1      | Reached XP level 3. HP: 23/23 MP: 3/3
  1315 | D:2      | Reached XP level 4. HP: 29/29 MP: 4/4
  1645 | D:3      | Found a glowing drain.
  1691 | Sewer    | Entered a sewer
  1783 | Sewer    | Noticed a kobold brigand
  1794 | Sewer    | HP: 1/29 [kobold brigand/+0 dagger (5)]
  1796 | Sewer    | Slain by a kobold brigand

Illustrated notes

Levels and vault maps discovered:
D:1:      dpeg_arrival_erosion, layout_loops_ring, serial_shops,
          nicolae_shop_hallway_plus
D:2:      layout_loops_ring, minmay_bisected
D:3:      layout_loops_ring, mainiacjoe_overflow_divided_tiny,
          gup_sewer_entry_glass
Sewer:    kennysheep_pipe_town

Skill      XL: |  1  2  3 |
---------------+----------+-----
Maces & Flails | 3 |  3.3
Fighting       | |  3.8
Armour         | |  3.8
Shields        | |  3.8

Action                     |  1- 3 |  4- 6 || total
---------------------------+-------+-------++-------
  Melee: Flail             |   119 |    42 ||   161
    Use: Potion            |       |     1 ||     1
 Armour: Scale mail        |   100 |    39 ||   139
  Dodge: Dodged            |    55 |    21 ||    76
  Block: Buckler           |    30 |    11 ||    41
